 Dungeon Sprint DCSS version 0.30-a0-269-gf0224bf7b6 (webtiles) character file.

Game seed: 11327833709745001763

103 Low2 the Chopper (level 4, -4/50 HPs)
             Began as an Ogre Gladiator on Oct 14, 2022.
             Killed from afar by Sigmund (6 damage)
             ... with a puff of flame
             ... in the Dungeon (Sprint I: "Red Sonja").
             The game lasted 00:04:59 (306 turns).

Low2 the Chopper (Ogre Gladiator)                    Turns: 306, Time: 00:05:00

Health: -4/50      AC:  3    Str: 20    XL:     4   Next: 79%
Magic:  4/4        EV: 11    Int:  9    God:
Gold:   54         SH:  0    Dex: 10    Spells: 3/3 levels left

rFire   . . .      SeeInvis .    a - +0 war axe
rCold   . . .      Faith    .    (no shield)
rNeg    . . .      Spirit   .    b - +0 robe
rPois   .          Reflect  .    c - +0 hat
rElec   .          Harm     .    (no cloak)
rCorr   .          Rampage  .    (gloves unavailable)
Will    .....      NoTele   +    (boots unavailable)
Stlth   +.........               (no amulet)
HPRegen 0.28/turn                (no ring)
MPRegen 0.09/turn                (no ring)

@: hasted, very quick
A: large, unfitting armour, tough skin 1
a: no special abilities


You were in the Dungeon.
You visited 1 branch You collected 54 gold pieces.

Inventory:

Hand Weapons
 a - a +0 war axe (weapon)
Armour
 b - a +0 robe (worn)
 c - a +0 hat (worn)
Potions
 i - 2 potions of magic


   Skills:
 + Level 5.0 Fighting
 + Level 6.2 Axes
 + Level 3.7 Throwing
 + Level 5.3 Dodging
 + Level 1.3 Stealth


You had 3 spell levels left.
You didn't know any spells.
Your spell library was empty.

Dungeon Overview and Level Annotations

Branches:
Dungeon (1/1)

Altars:

Annotations:
D Sigmund


Innate Abilities, Weirdness & Mutations

You are too large for most types of armour.
You have tough skin. (AC +1)


Message History

Something hits you.
Throw: large rock
Press: ? - help, Q - select action Shift-Dir - straight line You throw a large rock.
You hear some strange, mumbled words.
You are confused.
Something hits you.
You're too confused to move!
You hear some strange, mumbled words.
A puff of flame appears from out of thin air!
The puff of flame hits you!
You hear some strange, mumbled words.
A magic dart appears from out of thin air!
The magic dart hits you! Something hits you but does no damage.
You feel yourself speed up. Something hits you.
You bump into the stone wall.
You feel less confused. Something hits you!
* * * LOW HITPOINT WARNING * * *
x2
There is an open door, spattered with blood here.
Things that are here:
a +0 giant spiked club; an ogre corpse
Things that are here:
a +0 leather armour; a +0 dagger; the goblin skeleton of Ijyb
There is an open door here.
Your magic is already full.
There is a strange disturbance nearby!
There is a strange disturbance nearby!
There is a strange disturbance nearby!
You start resting.
There is a strange disturbance nearby!
There is a strange disturbance nearby!
There is a strange disturbance nearby!
Something hits you.
* * * LOW HITPOINT WARNING * * *
x2 You hear some strange, mumbled words.
A puff of flame appears from out of thin air!
The puff of flame hits you.
You die...

#############
#<.#.[)..#..+
#..'..#..'..#
#..#####'####
#@{# #..#
#..# ####
#..# #⌠⌠#
####


There were no monsters in sight!

Vanquished Creatures
  An ogre (D)
  Ijyb (D)
2 creatures vanquished.

Notes
Turn   | Place    | Note
-------+----------+-------------------------------------------
     0 | D        | Low2 the Ogre Gladiator began the quest for the Orb.
     0 | D        | Reached XP level 1. HP: 22/22 MP: 1/1
     2 | D        | Noticed Ijyb
    33 | D        | Killed Ijyb
    34 | D        | Reached skill level 4 in Axes
    34 | D        | Reached XP level 2. HP: 8/32 MP: 2/2
    34 | D        | Reached XP level 3. HP: 10/39 MP: 3/3
   252 | D        | Noticed an ogre
   256 | D        | Killed an ogre
   257 | D        | Reached skill level 5 in Fighting
   257 | D        | Reached skill level 6 in Axes
   257 | D        | Reached skill level 5 in Dodging
   257 | D        | Reached skill level 1 in Stealth
   257 | D        | Reached XP level 4. HP: 50/50 MP: 4/4
   271 | D        | Noticed Sigmund
   289 | D        | HP: 2/50 [something (3)]
   304 | D        | HP: 2/50 [something (2)]
   306 | D        | Killed from afar by Sigmund

Illustrated notes

Levels and vault maps discovered:
D:        dungeon_sprint_1 [red_sonja_temple_1, red_sonja_temple_small_1]

Skill      XL: |  1  2  3 |
---------------+----------+-----
Fighting       | 3 5 |  5.0
Axes           | 4 6 |  6.2
Dodging        | 4 5 |  5.3
Throwing       | 3 |  3.7
Stealth        | 1 |  1.3

Action                   |  1- 3 |  4- 6 || total
-------------------------+-------+-------++-------
Melee: War axe           |    21 |       ||    21
Throw: Throwing net      |     4 |     1 ||     5
       Large rock        |     1 |     1 ||     2
Evoke: Wand              |     1 |     1 ||     2
  Use: Potion            |     3 |     1 ||     4
       Scroll            |       |     1 ||     1
 Stab: Held in net/web   |     2 |       ||     2
Armor: Robe              |     3 |     1 ||     4
Dodge: Dodged            |    10 |       ||    10

Table legend: (Time is in decaauts)
 A = Elapsed time spent in this place.
 B = Non-inter-level travel time spent in this place.
 C = Inter-level travel time spent in this place.
 D = Time resting spent in this place.
 E = Time spent auto-exploring this place.
 F = Levels seen in this place.
 G = Mean time per level.
                   A        B        C        D        E       F      G
               +--------+--------+--------+--------+--------+-----+--------+
         Total |    316 |    316 |      0 |    223 |      0 |   1 |  316.0 |
       Dungeon |    316 |    316 |      0 |    223 |      0 |   1 |  316.0 |
               +--------+--------+--------+--------+--------+-----+--------+

Top non-repeatable levels by time:
       D: 316 daAuts
